Map: Port Aleksander LE

Players

TIME (Oliveira)

  • Race: Terran Terran
  • Spawn Location: 5:00

scarlett - Winner!

  • Race: Zerg Zerg
  • League: Master
  • Spawn Location: 11:00

Event: 2019 WCS Winter Americas

VOD

Have the link to the VOD?

Description

Time

  • Played on: March 24, 2019, 1:28 p.m.
  • Length: 19:11

All games in this series

Show
View Real Time Build Order
Export as new Build Order

TIME Terran 

Build Orders: Liberator Opening, Reaper Expand 

Get SALT Encoding   

  12  0:00  SCV  
  13  0:13  SCV  
  14  0:19  Supply Depot  
  14  0:25  SCV  
  15  0:40  SCV  
  15  0:42  Barracks  
  16  0:46  Refinery  
  16  0:53  SCV  
  17  1:05  SCV  
  18  1:17  SCV  
  19  1:29  Reaper  
  19  1:30  Orbital Command  
  20  1:42  Command Center  
  20  1:53  Supply Depot  
  20  1:55  SCV  
  21  2:03  Marine  
  21  2:07  SCV  
  23  2:11  Factory  
  23  2:15  Refinery  
  23  2:19  SCV  
  24  2:24  Barracks Reactor  
  24  2:32  SCV  
  25  2:44  SCV  
  26  2:54  Orbital Command  
  26  2:56  SCV, Starport  
  27  3:04  Hellion x2  
  31  3:08  SCV  
  31  3:10  Barracks Tech Lab  
  32  3:18  Liberator  
  32  3:20  SCV x2  
  32  3:25  Hellion x2  
  38  3:30  Supply Depot  
  38  3:32  SCV x2  
  43  3:44  Marine, SCV  
  43  3:45  SCV  
  46  3:52  Hellion x2  
  46  3:54  Supply Depot  
  50  3:58  SCV  
  50  4:01  Liberator  
  51  4:03  SCV  
  52  4:12  SCV  
  52  4:15  SCV  
  52  4:16  Hellion x2  
  58  4:17  Supply Depot  
  58  4:24  SCV  
  61  4:26  Marine  
  61  4:27  Stimpack  
  62  4:39  SCV  
  62  4:41  SCV  
  62  4:42  Command Center  
  64  4:46  Marine  
  64  4:50  Factory Tech Lab  
  64  4:51  SCV  
  66  4:53  SCV  
  66  4:58  Barracks  
  67  5:01  Starport Reactor, Barracks  
  67  5:05  SCV  
  68  5:08  Marine  
  57  5:15  Engineering Bay  
  57  5:16  Refinery, Engineering Bay, Siege Tank  
  57  5:17  Refinery  
  57  5:18  SCV  
  57  5:23  SCV  
  57  5:26  Barracks x2  
  55  5:28  Marine  
  55  5:30  SCV  
  58  5:35  SCV  
  58  5:43  Terran Infantry Armor Level 1, Terran Infantry Weapons Level 1  
  58  5:44  SCV  
  58  5:46  Marine  
  58  5:47  Marine x2  
  58  5:48  SCV  
  63  5:54  Starport Reactor  
  63  5:55  Siege Tank  
  63  5:56  Orbital Command  
  66  5:57  SCV  
  66  6:00  Marine x2, Supply Depot  
  66  6:03  SCV  
  66  6:04  Marine  
  70  6:05  Marine  
  70  6:07  Marine  
  73  6:15  Supply Depot  
  73  6:17  Barracks Reactor x2  
  73  6:18  Marine x2, SCV  
  74  6:21  SCV  
  74  6:22  Supply Depot  
  74  6:23  Marine  
  78  6:27  Marine  
  78  6:28  Orbital Command  
  78  6:29  Siege Tank  
  78  6:31  Marine  
  83  6:36  SCV x2  
  83  6:37  Marine  
  83  6:38  Medivac, Armory  
  83  6:39  Marine, Medivac  
  90  6:45  Marine  
  93  6:48  SCV  
  93  6:50  Combat Shield  
  93  6:51  SCV  
  93  6:53  SCV  
  96  6:55  Marine x2  
  96  6:58  Marine x2  
  96  6:59  Supply Depot  
  96  7:00  SCV, Supply Depot  
  100  7:01  Marine x3  
  100  7:03  SCV  
  100  7:08  Marine, SCV  
  105  7:12  Medivac, SCV  
  109  7:20  Medivac  
  109  7:21  SCV x2  
  113  7:23  Supply Depot  
  113  7:25  Marine x3  
  113  7:26  Supply Depot x2  
  113  7:28  Marine  
  117  7:30  SCV  
  117  7:31  Marine  
  117  7:32  Refinery x2  
  119  7:37  Missile Turret x2  
  119  7:38  Missile Turret  
  119  7:43  Marine x2  
  121  7:44  Marine x4  
  121  7:45  Marine  
  121  7:49  SCV, Supply Depot  
  127  7:51  Marine, SCV  
  127  7:52  Marine  
  130  8:01  Marine x2, Terran Infantry Weapons Level 2  
  130  8:02  Marine, Terran Infantry Armor Level 2  
  130  8:04  Marine x2  
  135  8:09  Factory  
  132  8:16  Marine  
  132  8:17  Marine x2  
  135  8:21  Marine  
  135  8:22  Thor  
  135  8:25  Marine  
  143  8:28  Marine  
  143  8:29  Marine x2  
  143  8:32  Marine  
  143  8:34  Marine  
  125  8:42  Marine  
  125  8:43  Medivac x2  
  125  8:45  Terran Vehicle And Ship Armor Level 1, SCV x2  
  125  8:46  SCV  
  131  8:49  Marine  
  131  8:51  Marine  
  131  8:54  Factory Reactor, Command Center  
  133  8:57  Marine, Sensor Tower  
  133  8:59  Drilling Claws  
  133  9:00  Marine x2  
  136  9:08  Thor  
  143  9:14  Supply Depot  
  143  9:15  Supply Depot  
  143  9:21  Marine  
  143  9:22  Marine, Barracks  
  143  9:23  Barracks x2  
  144  9:27  Marine  
  144  9:30  Supply Depot  
  144  9:31  Supply Depot  
  145  9:32  Widow Mine x2  
  149  9:38  Marine x2  
  149  9:39  Marine  
  149  9:40  Marine  
  153  9:47  Marine  
  153  9:48  Liberator x2  
  153  9:53  Marine, Widow Mine  
  153  9:54  Marine, Marauder  
  153  9:55  Marine  
  153  9:56  SCV x2  
  153  9:57  SCV  
  153  9:59  Marine  
  163  10:00  Marine  
  163  10:02  Widow Mine x2  
  163  10:06  Marine  
  176  10:11  Sensor Tower, Missile Turret  
  175  10:15  Marine, Widow Mine  
  175  10:17  Barracks Tech Lab x2  
  175  10:19  Barracks Tech Lab  
  177  10:21  Marine x3  
  177  10:22  Marauder  
  177  10:25  Marine x3  
  177  10:26  Marine  
  186  10:33  Marine  
  187  10:37  Concussive Shells, Marauder x2  
  187  10:39  Planetary Fortress  
  187  10:41  Missile Turret  
  191  10:48  Marine  
  198  10:50  Widow Mine  
  198  10:56  Missile Turret  
  200  10:57  Missile Turret  
  200  10:59  Terran Infantry Armor Level 3, Terran Infantry Weapons Level 3  
  200  11:00  Marauder  
  196  11:06  Marauder x2  
  200  11:11  Terran Vehicle And Ship Armor Level 2  
  200  11:23  Command Center  
  200  11:31  Refinery x2, Starport x2  
  200  11:33  Fusion Core  
  192  11:52  Marine, Marauder x2  
  143  11:55  Marine x3  
  143  11:56  Marauder x2  
  143  11:57  Widow Mine  
  143  11:58  Widow Mine  
  143  11:59  Marine  
  150  12:09  Marine x3  
  150  12:10  Marine, Medivac  
  150  12:13  Marauder x2  
  145  12:17  Marauder  
  145  12:20  Marine  
  145  12:21  Medivac  
  147  12:25  Marine x3, Starport Tech Lab, Starport Reactor  
  147  12:26  Marauder  
  147  12:28  Liberator  
  152  12:30  Marine  
  152  12:31  Marine x2  
  152  12:32  Missile Turret  
  152  12:34  Widow Mine x2  
  152  12:35  Marauder x2, Widow Mine  
  165  12:39  Marauder  
  165  12:40  Marine x2  
  165  12:43  Marine  
  165  12:44  Marine x2  
  171  12:45  Advanced Ballistics  
  171  12:47  Marauder  
  177  12:56  Marauder x2  
  177  12:58  Marine  
  180  12:59  Widow Mine x2  
  180  13:00  Widow Mine  
  180  13:04  Marine x3  
  180  13:05  Marauder  
  188  13:09  Marauder  
  188  13:10  Planetary Fortress  
  193  13:25  Marauder  
  195  13:28  Marauder  
  195  13:32  Sensor Tower  
  197  13:40  Liberator  
  197  13:41  Liberator, Widow Mine  
  184  13:48  Liberator  
  184  13:57  Starport Reactor  
  184  13:59  Missile Turret x2, Command Center  
  184  14:00  Command Center  
  188  14:09  Marauder  
  193  14:12  Widow Mine x2  
  193  14:15  Ghost Academy  
  197  14:21  Terran Vehicle And Ship Armor Level 3  
  197  14:23  Liberator  
  197  14:26  Liberator x2  
  193  14:32  Marauder x2  
  193  14:33  Marauder  
  193  14:36  Marine, Liberator  
  193  14:37  Liberator  
  179  14:41  Widow Mine  
  150  14:46  Marine x2  
  150  14:47  Marine  
  150  14:48  Marine  
  150  14:52  Widow Mine  
  113  15:01  Widow Mine  
  113  15:04  Marauder x3  
  113  15:05  Marauder  
  113  15:06  Liberator  
  118  15:09  Marine x3  
  118  15:11  Marine  
  118  15:12  Marine  
  118  15:13  Marine  
  122  15:15  Marine  
  122  15:17  Widow Mine  
  122  15:20  Widow Mine  
  127  15:27  Orbital Command, Marine x3  
  131  15:29  Marauder x2  
  131  15:32  Liberator, Widow Mine  
  137  15:36  SCV x2  
  137  15:37  SCV  
  140  15:43  Planetary Fortress  
  140  15:48  SCV  
  144  15:51  Marine  
  144  15:54  SCV  
  144  15:55  SCV x2  
  148  15:59  Marine x2  
  148  16:00  SCV  
  148  16:01  Widow Mine x2  
  154  16:04  Marine x2  
  154  16:05  Marine x2  
  156  16:12  Widow Mine  
  156  16:14  Marine x2  
  160  16:20  SCV x2  
  160  16:21  Marine, Missile Turret x2  
  160  16:22  Missile Turret, Widow Mine  
  160  16:23  SCV  
  161  16:26  SCV  
  161  16:28  SCV  
  161  16:30  Marine x2  
  161  16:31  Marauder  
  165  16:33  Medivac, Widow Mine  
  165  16:36  SCV  
  163  16:40  Marine x2  
  163  16:41  SCV  
  164  16:48  Ghost  
  164  16:49  Ghost x2  
  164  16:50  Marine x2  
  164  16:51  Liberator x2  
  170  17:08  Ghost  
  176  17:11  Widow Mine x2  
  176  17:14  Liberator x3  
  176  17:15  Marine  
  178  17:17  Ghost  
  178  17:18  Marauder  
  178  17:21  Ghost  
  185  17:26  Widow Mine  
  187  17:33  Refinery, Widow Mine  
  187  17:34  Refinery  
  187  17:36  Ghost  
  200  17:48  Refinery x2  
  200  17:50  Sensor Tower  
  200  17:52  Missile Turret x3  
  200  17:53  Missile Turret  
  189  18:35  Marine, Marauder  
  151  18:46  Marine  
  151  18:47  Marine x2  
  143  18:52  Marine  
Show
View Real Time Build Order
Export as new Build Order

scarlett Zerg - Winner!

Build Orders: Hatch First, Muta Ling Bane 

Get SALT Encoding   

  12  0:00  Drone  
  13  0:13  Overlord  
  13  0:17  Drone  
  14  0:33  Drone x2  
  16  0:49  Hatchery  
  15  0:53  Drone  
  16  0:57  Drone  
  16  1:00  Drone  
  18  1:11  Extractor  
  18  1:15  Spawning Pool  
  18  1:18  Drone  
  17  1:21  Drone  
  18  1:28  Drone  
  19  1:39  Drone  
  20  1:50  Drone  
  21  2:02  Queen x2  
  21  2:03  Zergling x4  
  27  2:16  Hatchery  
  27  2:22  Overlord  
  26  2:25  Drone  
  26  2:28  Drone  
  28  2:35  Metabolic Boost  
  28  2:41  Drone x2  
  28  2:42  Drone  
  31  2:46  Drone x2  
  33  2:54  Overlord  
  33  2:55  Drone  
  34  3:00  Queen  
  36  3:13  Drone x2  
  36  3:19  Drone x2, Queen  
  42  3:22  Drone x2  
  42  3:23  Overlord  
  44  3:29  Queen  
  44  3:31  Drone  
  47  3:35  Overlord  
  47  3:39  Drone x2  
  47  3:40  Drone  
  50  3:47  Zergling x2  
  51  3:49  Queen, Zergling x2  
  51  3:52  Zergling x4  
  51  3:55  Overlord  
  56  4:00  Queen  
  56  4:02  Drone  
  59  4:04  Drone  
  59  4:07  Drone x2  
  62  4:10  Drone x2  
  64  4:17  Drone x5  
  68  4:24  Overlord  
  68  4:27  Drone x4  
  68  4:31  Drone  
  73  4:34  Overlord  
  73  4:36  Overlord  
  73  4:41  Baneling Nest  
  73  4:42  Extractor  
  71  4:46  Queen, Zergling x8  
  71  4:49  Queen  
  71  4:52  Zergling x4  
  81  4:56  Spore Crawler  
  81  4:58  Zergling x8  
  82  5:00  Zergling x2  
  82  5:13  Drone x8  
  83  5:16  Drone  
  83  5:17  Drone x2  
  84  5:24  Lair  
  84  5:25  Drone x2  
  84  5:27  Drone, Extractor  
  86  5:29  Extractor  
  86  5:35  Drone  
  86  5:36  Drone, Evolution Chamber  
  86  5:37  Evolution Chamber  
  85  5:45  Overlord  
  85  5:46  Drone  
  86  5:50  Drone x2  
  86  5:54  Drone x3  
  86  5:55  Extractor x2  
  89  5:57  Drone  
  89  5:58  Drone x2  
  89  5:59  Drone, Overlord  
  89  6:00  Drone x2  
  89  6:03  Zerg Ground Armor Level 1, Zerg Melee Weapons Level 1  
  95  6:07  Overlord  
  95  6:16  Hatchery  
  95  6:18  Drone x2  
  96  6:24  Centrifical Hooks  
  95  6:30  Drone x3, Spire  
  97  6:40  Hatchery, Zergling x6  
  97  6:45  Zergling x2  
  97  6:46  Zergling x10  
  105  6:52  Baneling x13  
  105  6:58  Overlord  
  105  6:59  Overlord  
  105  7:10  Drone x8  
  105  7:12  Zergling x8  
  116  7:24  Zergling x16  
  116  7:26  Baneling x8  
  116  7:27  Baneling x9  
  116  7:29  Zergling x2  
  125  7:41  Drone x6  
  125  7:43  Extractor  
  132  7:46  Mutalisk x2  
  132  7:47  Extractor, Mutalisk  
  132  7:48  Mutalisk x2  
  139  7:51  Overlord x3  
  139  7:58  Zerg Ground Armor Level 2  
  139  8:01  Zerg Melee Weapons Level 2  
  139  8:05  Overlord x2  
  139  8:13  Zergling x26  
  151  8:20  Zergling x10  
  151  8:21  Zergling x6  
  155  8:29  Zergling x14  
  139  8:43  Zergling x16  
  146  8:48  Baneling x15  
  146  8:53  Infestation Pit  
  146  8:54  Zerg Flyer Weapons Level 1  
  146  8:55  Mutalisk x2  
  145  8:57  Pneumatized Carapace  
  145  8:58  Zergling x20  
  145  9:00  Overseer  
  145  9:02  Overseer  
  159  9:03  Overlord  
  159  9:12  Zergling x2  
  159  9:13  Zergling x18  
  169  9:19  Hatchery  
  169  9:20  Mutalisk  
  169  9:21  Mutalisk  
  172  9:25  Overseer  
  172  9:26  Overlord  
  172  9:30  Hive  
  172  9:36  Mutalisk  
  172  9:37  Mutalisk x2  
  171  9:51  Mutalisk x3  
  177  10:03  Mutalisk x2  
  177  10:05  Zergling x28  
  194  10:36  Zergling x4  
  194  10:37  Zergling x8  
  194  10:41  Adrenal Glands, Zerg Ground Armor Level 3, Zerg Melee Weapons Level 3  
  194  10:42  Spine Crawler  
  195  10:44  Spore Crawler  
  195  10:45  Ultralisk Cavern  
  195  10:49  Zergling x20  
  191  10:58  Zerg Flyer Weapons Level 2  
  191  11:21  Baneling x6  
  191  11:22  Baneling x9  
  191  11:24  Zergling x18  
  191  11:25  Baneling x6, Hatchery  
  199  11:26  Baneling x10  
  199  11:32  Chitinous Plating  
  199  11:34  Zergling x2  
  192  11:54  Ultralisk x2, Zergling x26  
  168  12:06  Ultralisk, Zergling x6  
  168  12:07  Zergling x18  
  158  12:17  Ultralisk, Zergling x6  
  158  12:18  Baneling, Zergling x20  
  158  12:21  Baneling x3  
  158  12:22  Baneling  
  175  12:24  Baneling  
  175  12:41  Zergling x2  
  175  12:42  Zergling x18  
  185  12:49  Drone x2  
  185  12:51  Anabolic Synthesis  
  187  13:06  Ultralisk x2  
  199  13:15  Greater Spire  
  199  13:24  Nydus Network  
  196  13:28  Overseer  
  194  13:39  Baneling  
  194  13:40  Baneling x15  
  190  13:54  Infestor x2  
  192  14:07  Spore Crawler  
  192  14:08  Spore Crawler x2  
  192  14:09  Spore Crawler  
  184  14:10  Ultralisk, Zergling x20  
  184  14:12  Baneling x3  
  184  14:13  Baneling x12  
  198  14:30  Zerg Flyer Weapons Level 3  
  140  14:48  Ultralisk x2, Zergling x26  
  140  14:49  Zergling x28  
  163  14:54  Drone x6  
  163  14:59  Drone x2  
  168  15:03  Drone x3  
  171  15:08  Drone  
  171  15:09  Drone x2  
  174  15:21  Drone  
  174  15:22  Drone x6  
  179  15:33  Drone x4  
  179  15:35  Drone  
  184  15:36  Drone x4  
  188  15:44  Zergling x2  
  188  15:45  Zergling x10  
  194  15:52  Zergling x10  
  195  16:13  Hatchery, Overseer x3  
  194  16:23  Corruptor x4  
  199  16:38  Corruptor  
  198  16:45  Extractor  
  197  16:47  Extractor  
  197  16:49  Corruptor x2  
  200  16:57  Nydus Canal  
  200  17:07  Zerg Flyer Armor Level 1  
  198  17:11  Corruptor x6  
  199  17:37  Baneling  
  199  17:38  Baneling x10  
  199  17:42  Overseer  
  196  17:58  Viper  
  198  18:12  Zergling x10  
  200  18:16  Nydus Canal  
  194  18:23  Baneling x5, Zergling x12  
  178  18:45  Zergling x18  
Tags
 
Add a new tag
Caveats
  • Supply blocks, unpowered buildings, or Contaminate may cause inaccurate times.
  • Supply counts are checked every 10 seconds.